 Dungeon Crawl Stone Soup version 0.17.1-1-g73c8601 (webtiles) character file.

67 rakes the Shield-Bearer (level 3, -1/34 HPs)
             Began as a Deep Dwarf Fighter on Dec 15, 2015.
             Slain by Elvalys's ghost (3 damage)
             ... on level 3 of the Dungeon.
             The game lasted 00:14:51 (1691 turns).

rakes the Shield-Bearer (Deep Dwarf Fighter)        Turns: 1691, Time: 00:14:51

Health: -1/34      AC:  6    Str: 20    XL:     3   Next: 98%
Magic:  3/3        EV:  7    Int:  8    God:
Gold:   120        SH:  9    Dex: 12    Spells: 0 memorised, 2 levels left

rFire  . . .     SeeInvis .     o - +0 long sword
rCold  . . .     Clarity  .     b - +0 scale mail
rNeg   . . .     SustAt   .     c - +0 shield
rPois  .         Gourm    .     (no helmet)
rElec  .         Spirit   .     (no cloak)
rCorr  .         Warding  .     (no gloves)
rMut   .         Stasis   .     (no boots)
MR     .....                    (no amulet)
Stlth  ..........               (no ring)
                                (no ring)

@: non-regenerating, not resistant to hostile enchantments, extremely unstealthy
A: damage resistance, recharge devices, sense surroundings 1, slow regeneration
3
a: Device Recharging


You were on level 3 of the Dungeon.
You were very hungry.

You visited 1 branch of the dungeon, and saw 3 of its levels.

You collected 120 gold pieces.

Inventory:

Hand Weapons
 a - a +0 war axe
 o - a +0 long sword (weapon)
 t - a +0 hunting sling
 v - a +0 flail
Missiles
 k - 42 bolts
 u - 40 stones (quivered)
Armour
 b - a +0 scale mail (worn)
 c - a +0 shield (worn)
Wands
 e - a wand of heal wounds (3)
Scrolls
 g - a scroll of random uselessness {unknown}
 j - 2 scrolls of remove curse {unknown}
 l - 2 scrolls of teleportation {unknown}
 m - a scroll of enchant weapon {unknown}
 n - a scroll of blinking {unknown}
 s - a scroll of identify {unknown}
Potions
 d - 2 potions of might
 h - a potion of agility {unknown}
 p - a potion of magic {unknown}
 q - a potion of flight {unknown}
 r - a potion of resistance {unknown}
Comestibles
 f - 3 bread rations
 i - a beef jerky


   Skills:
 + Level 3.2 Fighting
 + Level 0.6 Long Blades
 + Level 2.5 Axes
 + Level 3.5 Armour
 + Level 1.0 Dodging
 + Level 4.0 Shields


You had 2 spell levels left.
You didn't know any spells.

Dungeon Overview and Level Annotations

Branches:
Dungeon (3/15)

Altars:
Elyvilon

Annotations:
D:3 Elvalys's ghost, amateur FoFi


Innate Abilities, Weirdness & Mutations

You are resistant to damage.
You can recharge devices by infusing magical energy.
You passively map a small area around you.
You do not regenerate naturally.


Message History

Things that are here:
an uncursed hunting sling; 10 stones
t - an uncursed hunting sling;
u - 10 stones You see here a flail.
v - a flail An orc comes into view. It is wielding a hand axe.
u - 12 stones (gained 2)
u - 14 stones (gained 2)
You see here a falchion.
u - 40 stones (gained 26) Elvalys's ghost (amateur Formicid Fighter) comes into view.
You hit Elvalys's ghost but do no damage.
Elvalys's ghost hits you.
You hit Elvalys's ghost but do no damage.
Elvalys's ghost hits you.
You hit Elvalys's ghost but do no damage.
Elvalys's ghost hits you!
* * * LOW HITPOINT WARNING * * *
Elvalys's ghost hits you.
You die...

, , , ,* #.# #### ** , #...#
, #.# #... * , , #...#, #.#
#... #...# ,, #.# #... #...#
* *####'###... #...# *
#.......... #####...#
#.......... ,, .......W#
#.......... * ** *
#@######.......... * *
#.............###. , ,
#.............'...
#........##.............####
#........##.............#
#........##.............#
#........##.............#
#........##.............#
#........##.............#


You could see Elvalys's ghost.

Vanquished Creatures
  An adder (D:2)
  2 worms (D:2)
  A giant gecko (D:1)
  An orc (D:3)
  3 ball pythons
  4 giant cockroaches (D:1)
  3 hobgoblins
  7 kobolds
  2 quokkas (D:2)
  10 bats
  3 giant newts
  8 goblins
  4 rats
49 creatures vanquished.

Notes
Turn   | Place    | Note
--------------------------------------------------------------
     0 | D:1      | rakes the Deep Dwarf Fighter began the quest for the Orb.
     0 | D:1      | Reached XP level 1. HP: 20/20 MP: 1/1
   256 | D:1      | Reached XP level 2. HP: 24/27 MP: 2/2
   995 | D:1      | Reached XP level 3. HP: 26/34 MP: 3/3
  1112 | D:2      | Found a white marble altar of Elyvilon.
  1130 | D:2      | Reached skill level 4 in Shields
  1429 | D:2      | Reached skill level 1 in Dodging
  1686 | D:3      | Noticed Elvalys's ghost (amateur FoFi)
  1691 | D:3      | Slain by Elvalys's ghost

Action                   || total
-------------------------++-------
Melee: War axe           ||    99
       Long sword        ||    68
Evoke: Wand              ||     2
  Eat: Pizza             ||     1
